 Dungeon Crawl Stone Soup version 0.29-a0-819-g94b489e0ae (webtiles) character file.

Game seed: 2553840462853092761

128 AmberJosephineTwo the Chiller (level 5, -6/38 HPs)
             Began as a Meteoran Ice Elementalist on July 6, 2022.
             Mangled by an iguana (9 damage)
             ... on level 4 of the Dungeon.
             The game lasted 00:03:26 (560 turns).

AmberJosephineTwo the Chiller (MeIE)                 Turns: 560, Time: 00:03:26

Health: -6/38      AC:  2    Str:  9    XL:     5   Next: 60%
Magic:  8/12       EV: 12    Int: 19    God:
Gold:   88         SH:  0    Dex: 14    Spells: 6/12 levels left

rFire   . . .      SeeInvis .   a - +0 dagger (drain)
rCold   . . .      Faith    .   (no shield)
rNeg    . . .      Spirit   .   h - +0 robe
rPois   .          Reflect  .   (no helmet)
rElec   .          Harm     .   (no cloak)
rCorr   .          Rampage  .   (no gloves)
Will    .....                   (no boots)
Stlth   +.........              (no amulet)
HPRegen 0.12/turn               (no ring)
MPRegen 0.13/turn               (no ring)

@: confused, glowing
A: sense surroundings 1, otherworldly, glowing, explore regen
a: no special abilities


You were on level 4 of the Dungeon.
You visited 1 branch of the dungeon, and saw 4 of its levels.

You collected 88 gold pieces.

Inventory:

Hand Weapons
 a - a +0 dagger of draining (weapon)
Armour
 h - a +0 robe (worn)
Scrolls
 f - a scroll of poison {!r}
Potions
 b - a potion of magic {!q}
 d - 2 potions of resistance {!q, unknown}
 e - a potion of heal wounds {!q, unknown}
 g - a potion of curing {!q, unknown}
 j - a potion of might {!q, unknown}


   Skills:
 - Level 2.4 Dodging
 + Level 2.6 Stealth
 + Level 4.2 Spellcasting
 + Level 5.3 Ice Magic


You had 6 spell levels left.
You knew the following spells:

 Your Spells              Type           Power      Damage    Failure   Level
a - Freeze                Ice            96%        1d11      1%          1
b - Frozen Ramparts       Ice            48%        1d6       4%          3
c - Searing Ray           Conj           8%         2d4       21%         2

Your spell library contained the following spells:

 Spells                   Type           Power      Damage    Failure   Level
 Ozocubu's Armour         Ice            24%        N/A       4%          3
 Magic Dart               Conj           16%        1d3       14%         1
 Hailstorm                Conj/Ice       14%        3d5       41%         4
 Fulminant Prism          Conj/Hex       2%         3d6       80%         4


Dungeon Overview and Level Annotations

Branches:
Dungeon (4/15) Zot: 1840   Temple (0/1) D:4

Altars:
Makhleb


Innate Abilities, Weirdness & Mutations

You passively map a small area around you.
You are easily found by Zot.
You glow in the dark.
You regain HP and MP as you explore.


Message History

Unknown command.
The wall freezes the orc wizard.
The orc wizard gestures at you while chanting.
You are more confused.
The wall freezes the orc wizard.
The orc wizard hits you but does no damage.
Unknown command.
The orc barely misses you.
The wall freezes the orc wizard.
The orc wizard misses you.
Unknown command.
The wall freezes the orc wizard.
The orc wizard casts a spell at you. The magic dart hits you.
The orc hits you with a +0 hand axe.
* * * LOW HITPOINT WARNING * * *
The wall freezes the worm!
The wall freezes the iguana.
The iguana barely misses you.
The wall freezes the orc wizard.
You kill the orc wizard!
The orc hits you with a +0 hand axe.
* * * LOW HITPOINT WARNING * * *
The frozen ramparts melt away.
The iguana closely misses you. The orc barely misses you.
An orc comes into view. It is wielding a +0 hand axe.
You're too confused to cast spells.
Unknown command.
You miss the orc.
The orc shouts!
You hear a shout!
The orc hits you with a +0 whip.
* * * LOW HITPOINT WARNING * * *
The iguana barely misses you. The orc hits you with a +0 hand axe.
* * * LOW HITPOINT WARNING * * *
Your magical contamination has completely faded away.
You bump into the rock wall.
The orc hits you but does no damage. The orc hits you with a +0 whip.
* * * LOW HITPOINT WARNING * * *
The iguana bites you!
* * * LOW HITPOINT WARNING * * *
The orc attacks as you move away! The orc hits you with a +0 whip.
* * * LOW HITPOINT WARNING * * *
The iguana bites you!
You die...

,,*.....................##....#≈≈
***..!..................##.†..#≈≈
,**..$........................#≈≈
,,,...........................#≈≈
,,,....?......................#≈≈
,,,...........................#≈≈
,,,...........ow........##....#≈≈
,,,...........)lo.......##....#≈≈
,**.....###+###o@.##.<..+.....#≈≈
,**....,**,,,*###+##....#.....#≈≈
,*,...,,,,,,,*,.........#.....###
,*,..,,,,,,,,*,.....$...#........
,*,.,,,,,,,,,*,.......<.#........
,**,,,,,,,,,,*,.........#........
,**,,,,,**,,,**.?.##....#........
,,,,,,,,**,,,**.,,*#....##...####
,,,,,,,,,,,,,,,,,,,#....##...##.#


You could see a worm, an iguana and 3 orcs.

Vanquished Creatures
  A jelly (D:4)
  2 orc wizards (D:4)
  2 adders (D:2)
  7 orcs
  A ball python (D:3)
  2 bats (D:1)
  An endoplasm (D:2)
  3 hobgoblins
  2 jackals (D:1)
  3 quokkas
  A frilled lizard (D:2)
25 creatures vanquished.

Vanquished Creatures (others)
  A plant (D:3)
1 creature vanquished.

Grand Total: 26 creatures vanquished

Notes
Turn   | Place    | Note
-------+----------+-------------------------------------------
     0 | D:1      | AmberJosephineTwo the Meteoran Ice Elementalist began the
                  | quest for the Orb.
     0 | D:1      | Reached XP level 1. HP: 14/14 MP: 5/5
    57 | D:1      | Reached XP level 2. HP: 18/20 MP: 1/6
   185 | D:2      | Reached XP level 3. HP: 26/26 MP: 5/8
   189 | D:2      | Learned a level 3 spell: Frozen Ramparts
   252 | D:2      | Learned a level 2 spell: Searing Ray
   271 | D:2      | Found a burning altar of Makhleb.
   457 | D:4      | Reached skill level 5 in Ice Magic
   457 | D:4      | Reached XP level 4. HP: 33/33 MP: 4/10
   520 | D:4      | Reached XP level 5. HP: 38/38 MP: 4/12
   560 | D:4      | Mangled by an iguana

Illustrated notes

Levels and vault maps discovered:
D:1:      psy_arrival_dodecagon, layout_rooms, hex_intersection
D:2:      layout_loops_ring, serial_shops, shop, basic_altar
D:3:      layout_loops_corners, nicolae_grassy_gnolls
D:4:      layout_gridville, kennysheep_mini_moat, minmay_temple_entry_poolview

Skill      XL: |  1  2  3  4 |
---------------+-------------+-----
Spellcasting   | 3 4 |  4.2
Stealth        | 2 |  2.6
Ice Magic      | 5 |  5.3
Dodging        | |  2.4

Action                   |  1- 3 |  4- 6 || total
-------------------------+-------+-------++-------
Melee: Unarmed           |     2 |       ||     2
       Dagger            |       |     1 ||     1
 Cast: Freeze            |    24 |     9 ||    33
       Searing Ray       |     2 |       ||     2
       Frozen Ramparts   |     1 |     2 ||     3
  Use: Scroll            |       |     2 ||     2
Armor: Robe              |    10 |     3 ||    13
Dodge: Dodged            |    13 |     9 ||    22

Table legend: (Time is in decaauts)
 A = Elapsed time spent in this place.
 B = Non-inter-level travel time spent in this place.
 C = Inter-level travel time spent in this place.
 D = Time resting spent in this place.
 E = Time spent auto-exploring this place.
 F = Levels seen in this place.
 G = Mean time per level.
                   A        B        C        D        E       F      G
               +--------+--------+--------+--------+--------+-----+--------+
         Total |    558 |    558 |      0 |     59 |      0 |   4 |  139.5 |
       Dungeon |    558 |    558 |      0 |     59 |      0 |   4 |  139.5 |
               +--------+--------+--------+--------+--------+-----+--------+

Top non-repeatable levels by time:
     D:1: 171 daAuts
     D:2: 169 daAuts
     D:4: 116 daAuts
     D:3: 101 daAuts
